AoeStats
← Aslan AKbey

Arabia

511001260Analyzed
1v1 RM · 13h ago on Oct 3, 2026· 40m 55s· 2 players
Game mode
Random Map
Map size
Tiny (2 player)
Population
200
Speed
Normal
Resources
Standard
Victory
Conquest
Starting age
Dark Age
Ending age
Imperial Age
RankedLock teamsTeams togetherTeam positionsShared explorationLock speedFull tech treeHidden civsTurbo modeCheats
Victory
Defeat
🇹🇷 Saracens · Türkiye
1034
+16
🇹🇷 Goths · Türkiye
1025
-16
ılıJoKeRılı
11:41 Feudal Age
11:48 Loom
11:49 Man-at-Arms
15:43 Scale Mail Armor
15:54 Forging
17:26 Double-Bit Axe
18:47 Horse Collar
24:50 Castle Age
23:57 Wheelbarrow
24:53 Long Swordsman
25:34 Squires
25:54 Chain Mail Armor
27:06 Hand Cart
27:55 Bow Saw
31:03 Gold Mining
35:48 Stone Mining
37:40 Fletching
Aslan AKbey
6:30 Loom
9:20 Feudal Age
9:57 Double-Bit Axe
15:51 Horse Collar
16:06 Fletching
16:15 Gold Mining
21:44 Castle Age
20:55 Padded Archer Armor
21:48 Crossbowman
22:26 Bodkin Arrow
23:15 Bow Saw
23:42 Gold Shaft Mining
25:26 Wheelbarrow
24:36 Town Watch
25:11 Leather Archer Armor
28:43 Heavy Plow
31:02 Hand Cart
33:48 Ballistics
38:24 Imperial Age
Connection lost

Rejoining the realm…

Still unreachable

The connection could not be restored.

Session expired

The server has moved on; the page needs a fresh start.